 Dungeon Crawl Stone Soup version 0.30-a0-159-g068b764562 (webtiles) character file.

Game seed: 15462391740026891490

5479 IdlyInterested the Fighter (level 10, -1/83 HPs)
             Began as a Demonspawn Wanderer on Sept 27, 2022.
             Slain by a wight
             ... wielding a +0 war axe
              (10 damage)
             ... on level 7 of the Dungeon.
             The game lasted 00:27:54 (6828 turns).

IdlyInterested the Fighter (Demonspawn Wanderer)    Turns: 6828, Time: 00:27:55

Health: -1/83      AC:  6    Str: 21    XL:     10   Next: 42%
Magic:  10/16      EV: 14    Int: 20    God:
Gold:   494        SH:  0    Dex: 20    Spells: 11/17 levels left

rFire   + . .      SeeInvis .    a - +1 quarterstaff (vorpal)
rCold   + . .      Faith    .    (shield currently unavailable)
rNeg    . . .      Spirit   .    E - +0 acid dragon scales
rPois   .          Reflect  .    j - +0 hat
rElec   .          Harm     .    L - scarf {rC+ rF+}
rCorr   +          Rampage  .    (no gloves)
Will    .....                    (no boots)
Stlth   ++........               o - amulet of regeneration
HPRegen 1.03/turn                z - +6 ring of dexterity
MPRegen 0.15/turn                l - +6 ring of strength

@: weakened, very slightly contaminated
A: claws 1, foul stench 1, big brain 3
a: no special abilities


You were on level 7 of the Dungeon.
You visited 2 branches of the dungeon, and saw 8 of its levels.
You also visited: Bailey.

You collected 632 gold pieces.
You spent 138 gold pieces at shops.

Inventory:

Hand Weapons
 a - a +1 vorpal quarterstaff (weapon)
 k - a +0 short sword
 m - a +2 dagger of protection
 q - a +0 spear
 w - a +1 whip of freezing
 x - a +0 rapier of electrocution
 y - a +0 quarterstaff
 H - a +0 short sword of distortion
 M - a +1 spear of freezing
Missiles
 b - 18 boomerangs (quivered)
 e - 4 atropa-tipped darts
 g - 15 curare-tipped darts
 t - 10 poisoned darts
 O - 4 datura-tipped darts
Armour
 j - a +0 hat (worn)
 r - a +2 robe of cold resistance
 E - +0 acid dragon scales (worn)
 L - a scarf of resistance (worn)
 P - +0 steam dragon scales
Magical Staves
 B - a staff of cold
Jewellery
 i - a ring of flight
 l - a +6 ring of strength (right claw)
 o - an amulet of regeneration (around neck)
 z - a +6 ring of dexterity (left claw)
 F - a ring of see invisible
 G - an amulet of faith
 K - a ring of ice
 N - a +6 ring of intelligence
Wands
 C - a wand of mindburst (8)
Scrolls
 f - a scroll of blinking
 v - 4 scrolls of teleportation
 A - a scroll of identify
 D - 2 scrolls of immolation
 J - a scroll of amnesia
Potions
 c - a potion of brilliance
 d - a potion of lignification
 h - a potion of attraction
 n - 2 potions of cancellation
 p - 5 potions of curing
 s - 2 potions of haste
 u - a potion of might
 I - a potion of resistance


   Skills:
 + Level 9.6 Fighting
 + Level 8.9 Staves
 - Level 1.7 Throwing
 - Level 2.0 Armour
 - Level 4.0 Dodging
 - Level 2.0 Stealth
 - Level 4.0 Spellcasting
 - Level 2.0 Fire Magic
 + Level 1.2 Poison Magic
 - Level 4.0 Evocations


You had 11 spell levels left.
You knew the following spells:

 Your Spells              Type           Power      Damage    Failure   Level
a - Ignite Poison         Fire/Tmut/Pois 8%         N/A       13%         3
b - Frozen Ramparts       Ice            8%         1d2       19%         3

Your spell library contained the following spells:

 Spells                   Type           Power      Damage    Failure   Level
 Freeze                   Ice            16%        1d4       6%          1
 Kindle Blastsparks       Fire/Tloc/Air  12%        2d11      16%         3
 Mephitic Cloud           Conj/Pois/Air  5%         N/A       16%         3
 Hailstorm                Conj/Ice       4%         3d4       19%         3
 Stone Arrow              Conj/Erth      8%         3d7       19%         3
 Animate Armour           Summ/Erth      8%         N/A       52%         4
 Alistair's Intoxication  Tmut/Pois      4%         N/A       77%         5
 Borgnjor's Vile Clutch   Necr/Erth      2%         N/A       85%         5
 Freezing Cloud           Conj/Ice/Air   2%         6-21      85%         5
 Eringya's Noxious Bog    Tmut/Pois      3%         N/A       99%         6
 Lehudib's Crystal Spear  Conj/Erth      2%         10d2      100%        8


Dungeon Overview and Level Annotations

Branches:
Dungeon (7/15)             Temple (1/1) D:6          Bailey (visited)

Altars:
Ashenzari
Cheibriados
Dithmenos
Fedhas
Gozag
Hepliaklqana
Kikubaaqudgha
Makhleb
Nemelex Xobeh
Qazlal
Ru
Sif Muna
Trog
Uskayaw
Vehumet
Wu Jian
Xom
Yredelemnul

Shops:
D:5 **=

Portals:
Abyss: D:5


Innate Abilities, Weirdness & Mutations

You have sharp fingernails.
You may rarely emit foul miasma when damaged in melee.
You have an absolutely massive brain. (Int +6, Wiz)


Message History

* * * LOW HITPOINT WARNING * * *
You barely miss the orc warrior.
The orc warrior is severely wounded.
The orc warrior hits you with a +0 glaive!
* * * LOW HITPOINT WARNING * * *
You hit the orc warrior.
The orc warrior is almost dead.
The orc warrior hits you with a +0 glaive!
* * * LOW HITPOINT WARNING * * *
You feel better.
The orc warrior hits you with a +0 glaive.
* * * LOW HITPOINT WARNING * * *
You emit a cloud of foul miasma!
The orc warrior attacks as you move away!
The orc warrior completely misses you.
The orc warrior is engulfed in dark miasma.
The orc warrior is poisoned.
You kill the orc warrior!
Casting: Ignite Poison (dangerous; 13% risk of failure)
Confirm with . or Enter, or press ? or * to list all spells.
You miscast Ignite Poison.
You are very lightly contaminated with residual magic.
Nothing appears to happen.
The gnoll bouda gazes fiercely through you!
You feel your attacks grow feeble.
You feel better.
Casting: Ignite Poison (dangerous; 13% risk of failure)
Confirm with . or Enter, or press ? or * to list all spells.
You ignite the poison in your surroundings!
The wight hits you with a +0 war axe.
* * * LOW HITPOINT WARNING * * *
Unknown command.
You sock the wight!
The wight is severely damaged.
The wight hits you from afar with a +1 halberd of flaming!
* * * LOW HITPOINT WARNING * * *
The wight burns you.
* * * LOW HITPOINT WARNING * * *
The wight hits you with a +0 war axe!
You die...

#... #..# ###..## .....
####...# ##. #.....#.# #.#
#..#.###...########.#...#.#..#
....=)......g☼zz@.......#.#.#.#
###.z####..########.#.#.#.#.#.#
#... #.......###.#.#.#.#.#.##
...
#.....###.........#........# .z
#.###.###.~~~≈~~~.#...#.#..# .
#.....~#####~.....#.#..##
#####.~#...#~......#.....
#.~#.∩.#~.#...###..##
#.~#...#~..<.## ##.##


You could see a gnoll bouda and 2 wights.

Vanquished Creatures
  Pikel (D:4)
  An orc knight (Bailey)
  The ghost of greasedhog the Firebug, a novice GrFE (D:5)
  An ancient zyme (D:5)
  Sigmund (D:3)
  Eustachio (D:4)
  2 steam dragons (D:7)
  2 small abominations (D:5)
  Menkaure (D:4)
  A water moccasin (D:7)
  5 orc warriors
  An ice beast (D:5)
  3 sky beasts (D:7)
  4 ogres
  The ghost of pigah the Gusty, an amateur OpAE (D:3)
  6 kobold brigands
  A phantom (D:7)
  A bullfrog (D:4)
  2 gnoll sergeants
  2 scorpions (D:5)
  4 necrophages
  4 wights (D:7)
  5 electric eels (D:6)
  2 jellies
  2 hounds
  An orc priest (D:5)
  Jessica (D:3)
  2 iguanas (D:5)
  2 orc wizards (D:5)
  Natasha (thrice) (D:4)
  7 adders
  7 gnolls
  2 shadow imps
  An ufetubus (D:5)
  3 worms
  A dart slug (D:1)
  3 orcs
  2 bats
  5 endoplasms
  A giant cockroach (D:2)
  10 goblins
  5 hobgoblins
  4 jackals (D:5)
  2 quokkas (D:1)
  8 ball pythons
  2 frilled lizards
  10 kobolds
  2 rats (D:1)
139 creatures vanquished.

Vanquished Creatures (others)
  2 goblins (D:7)
  4 fungi (D:2)
  10 plants
16 creatures vanquished.

Grand Total: 155 creatures vanquished

Notes
Turn   | Place    | Note
-------+----------+-------------------------------------------
     0 | D:1      | IdlyInterested the Demonspawn Wanderer began the quest for
                  | the Orb.
     0 | D:1      | IdlyInterested set off with the following items: a +1
                  | vorpal quarterstaff, 9 boomerangs, a +0 dagger, a potion of
                  | lignification, a +0 leather armour.
     0 | D:1      | Reached XP level 1. HP: 16/16 MP: 1/1
   286 | D:1      | Gained mutation: You have an unusually large brain. (Int
                  | +2) [demonic ancestry]
   286 | D:1      | Reached XP level 2. HP: 21/22 MP: 2/2
  1082 | D:2      | Reached XP level 3. HP: 26/28 MP: 3/3
  1332 | D:2      | Found a faded altar of an unknown god.
  2046 | D:3      | Reached skill level 3 in Fighting
  2048 | D:3      | Reached XP level 4. HP: 34/35 MP: 4/4
  2121 | D:3      | Noticed Sigmund
  2138 | D:3      | Killed Sigmund
  2139 | D:3      | Reached XP level 5. HP: 36/42 MP: 5/5
  2226 | D:3      | Noticed an ogre
  2226 | D:3      | Found a transporter.
  2226 | D:3      | Noticed pigah's ghost (amateur OpAE)
  2227 | D:3      | Noticed an ogre
  2305 | D:3      | Noticed Jessica
  2311 | D:3      | Killed Jessica
  2312 | D:3      | Reached skill level 4 in Fighting
  2312 | D:3      | Gained mutation: You have an extremely huge brain. (Int +4)
                  | [demonic ancestry]
  2312 | D:3      | Reached XP level 6. HP: 40/48 MP: 6/6
  2605 | D:3      | Found a sacrificial altar of Ru.
  2866 | D:4      | Reached skill level 1 in Stealth
  2869 | D:4      | Identified the +3 barding "Gopn" {rF+ Will+ MP+9 Int+3}
  2915 | D:4      | Noticed Pikel
  2916 | D:4      | Noticed Eustachio
  2926 | D:4      | Noticed Menkaure
  2931 | D:4      | Killed Pikel
  2932 | D:4      | Reached skill level 5 in Fighting
  2932 | D:4      | Reached skill level 5 in Staves
  2932 | D:4      | Gained mutation: You may rarely emit foul miasma when
                  | damaged in melee. [demonic ancestry]
  2932 | D:4      | Reached XP level 7. HP: 15/56 MP: 7/7
  2939 | D:4      | Killed Menkaure
  2948 | D:4      | Killed Eustachio
  2949 | D:4      | Reached skill level 6 in Fighting
  3088 | D:4      | Found a burning altar of Makhleb.
  3090 | D:4      | Found an ornate altar of the Wu Jian Council.
  3147 | D:4      | Noticed Natasha
  3151 | D:4      | Killed Natasha
  3403 | D:4      | Noticed Natasha
  3409 | D:4      | Killed Natasha
  3579 | D:4      | Noticed Natasha
  3587 | D:4      | Killed Natasha
  3648 | D:3      | Found a transporter.
  3663 | D:3      | Reached XP level 8. HP: 20/65 MP: 8/8
  3679 | D:3      | Killed pigah's ghost
  3764 | D:5      | Entered Level 5 of the Dungeon
  3918 | D:5      | Found a radiant altar of Vehumet.
  4012 | D:5      | Found a transporter.
  4030 | D:5      | Reached skill level 7 in Fighting
  4098 | D:5      | Noticed an ancient zyme
  4105 | D:5      | Found a transporter.
  4107 | D:5      | Found a one-way gate to the infinite horrors of the Abyss.
  4107 | D:5      | Noticed greasedhog's ghost (novice GrFE)
  4191 | D:5      | Found Urphet's General Store.
  4266 | D:5      | Found Ahoeprure's Jewellery Boutique.
  4439 | D:5      | Found Asuoh's Assorted Antiques.
  4449 | D:5      | Bought a scroll labelled SUAK QAGHIASO for 23 gold pieces
  4449 | D:5      | Bought a triangular silver amulet for 115 gold pieces
  4611 | D:5      | Killed an ancient zyme
  4612 | D:5      | Gained mutation: You have sharp fingernails. [demonic
                  | ancestry]
  4612 | D:5      | Reached XP level 9. HP: 41/72 MP: 9/9
  4621 | D:5      | Killed greasedhog's ghost
  4622 | D:5      | Reached skill level 8 in Fighting
  4684 | D:5      | Reached skill level 1 in Spellcasting
  5752 | D:6      | Found a staircase to the Ecumenical Temple.
  5981 | D:7      | Found a hide-covered altar of Uskayaw.
  6063 | D:7      | Found a flagged portal.
  6090 | D:7      | Reached skill level 9 in Fighting
  6115 | Bailey   | Entered a bailey
  6165 | Bailey   | Gained mutation: You have an absolutely massive brain. (Int
                  | +6, Wiz) [demonic ancestry]
  6165 | Bailey   | Reached XP level 10. HP: 55/83 MP: 16/16
  6219 | Bailey   | Noticed an orc knight
  6248 | Bailey   | Killed an orc knight
  6335 | Bailey   | Learned a level 3 spell: Ignite Poison
  6368 | Bailey   | Reached skill level 1 in Fire Magic
  6438 | Bailey   | Found an iron altar of Okawaru.
  6548 | Temple   | Entered the Ecumenical Temple
  6666 | Temple   | Learned a level 3 spell: Frozen Ramparts
  6812 | D:7      | Reached skill level 1 in Poison Magic
  6828 | D:7      | Slain by a wight

Illustrated notes

Levels and vault maps discovered:
D:1:      dpeg_arrival_morbid_curiosity, layout_loops_corners, chequers_jeans,
          hangedman_abyss_or_decor_lesser_grid
D:2:      layout_basic, basic_altar, shapermc_ecumenical_altar_mp_urbaneastern
D:3:      layout_basic, nicolae_ru_awakened_eye, gammafunk_ghost_smash,
          uniq_sigmund, uniq_jessica
D:4:      layout_rooms, grunt_temple_overflow_open, uniq_pikel, uniq_eustachio,
          uniq_natasha, uniq_menkaure
D:5:      layout_basic, vehumet_crystals, gammafunk_ghost_abyssal_escape,
          serial_shops, shop_statue, nicolae_shop_behind_doors,
          nicolae_shop_statue_plus
D:6:      wad_lake_hut, layout_basic, minmay_temple_entry_from_below_a
D:7:      layout_loops_ring, nicolae_uskayaw_suspiria, serial_shops, shop,
          enter_bailey_3, minmay_bent
Temple:   lightli_temple_of_artemis

Skill      XL: |  1  2  3  4  5  6  7  8  9 10 |
---------------+-------------------------------+-----
Staves         | 3 4 5 6 7 8 |  8.9
Armour         | 2 |  2.0
Fighting       | 3 4 5 6 7 9 |  9.6
Dodging        | 2 3 4 |  4.0
Stealth        | 2 |  2.0
Spellcasting   | 4 |  4.0
Evocations     | 4 |  4.0
Fire Magic     | 2 |  2.0
Poison Magic   | 1 |  1.2
Throwing       | |  1.7

Action                   |  1- 3 |  4- 6 |  7- 9 | 10-12 || total
-------------------------+-------+-------+-------+-------++-------
Melee: Quarterstaff      |   100 |    62 |   260 |   106 ||   528
Throw: Dart              |       |     1 |       |     2 ||     3
       Boomerang         |       |       |       |     2 ||     2
 Cast: Ignite Poison     |       |       |       |     1 ||     1
Evoke: Wand              |       |       |     6 |     1 ||     7
  Use: Scroll            |     7 |       |     7 |     1 ||    15
       Potion            |       |     2 |     9 |     5 ||    16
 Stab: Invisible         |       |       |     3 |       ||     3
       Distracted        |       |       |     2 |       ||     2
       Sleeping          |       |       |     2 |       ||     2
Armor: Leather armour    |     9 |       |       |       ||     9
       Ring mail         |    17 |     2 |       |       ||    19
       Robe              |       |    10 |    17 |       ||    27
       Acid dragon scale |       |       |    56 |    13 ||    69
Dodge: Dodged            |    62 |    41 |   189 |    52 ||   344

Table legend: (Time is in decaauts)
 A = Elapsed time spent in this place.
 B = Non-inter-level travel time spent in this place.
 C = Inter-level travel time spent in this place.
 D = Time resting spent in this place.
 E = Time spent auto-exploring this place.
 F = Levels seen in this place.
 G = Mean time per level.
                   A        B        C        D        E       F      G
               +--------+--------+--------+--------+--------+-----+--------+
         Total |   6871 |   5651 |   1220 |    367 |   3206 |   9 |  763.4 |
       Dungeon |   6355 |   5137 |   1218 |    237 |   3067 |   7 |  907.9 |
        Temple |    130 |    128 |      2 |      0 |     83 |   1 |  130.0 |
        Bailey |    384 |    384 |      0 |    130 |     56 |   1 |  384.0 |
               +--------+--------+--------+--------+--------+-----+--------+

Top non-repeatable levels by time:
     D:1: 1265 daAuts
     D:5: 1183 daAuts
     D:6: 909 daAuts
     D:3: 905 daAuts
     D:2: 904 daAuts
     D:4: 797 daAuts
     D:7: 390 daAuts
  Bailey: 384 daAuts
  Temple: 130 daAuts
